 Dungeon Crawl Stone Soup version 0.19.0-11-g3fc08b3 (webtiles) character file.

6580 Malachi the Jinx (level 10, -1/71 HPs)
             Began as a Demonspawn Enchanter on Nov 10, 2016.
             Was a Priest of Dithmenos.
             Succumbed to spanner's ghost's toxic radiance
             ... on level 1 of the Orcish Mines.
             The game lasted 00:33:51 (14231 turns).

Malachi the Jinx (Demonspawn Enchanter)            Turns: 14231, Time: 00:33:51

Health: -1/71      AC:  8    Str:  8    XL:     10   Next: 71%
Magic:  16/27      EV: 19    Int: 23    God:    Dithmenos [***...]
Gold:   544        SH:  0    Dex: 17    Spells: 3 memorised, 14 levels left

rFire  . . .     SeeInvis .     j - +2 dagger (venom)
rCold  + . .     Gourm    .     t - +1 leather armour
rNeg   . . .     Faith    .     (no shield)
rPois  .         Spirit   .     (no helmet)
rElec  .         Reflect  .     D - +0 cloak
rCorr  .         Harm     .     K - +2 pair of gloves
MR     .....                    (no boots)
Stlth  ++++++....               (no amulet)
                                x - +5 ring of intelligence
                                g - ring of magical power

@: agile, lethally poisoned (-1 -> -39), wreathed by umbra
A: talons 1, clumsy 1, cold resistance 1, dopey 1, low mp 1, sense surroundings
1, powered by death 2, powered by pain 1, sturdy frame 2
a: Shadow Step, Renounce Religion


You were on level 1 of the Orcish Mines.
You worshipped Dithmenos.
Dithmenos was most pleased with you.
You were hungry.

You visited 3 branches of the dungeon, and saw 12 of its levels.

You collected 544 gold pieces.

Inventory:

Hand Weapons
 a - a +1 dagger
 j - a +2 dagger of venom (weapon)
Missiles
 i - 56 poisoned needles
Armour
 b - a +1 robe
 l - a +1 robe of positive energy
 t - a +1 leather armour (worn)
 D - a +0 cloak (worn)
 K - a +2 pair of gloves (worn)
Jewellery
 g - a ring of magical power (left hand)
 v - an uncursed ring of magical power
 x - a +5 ring of intelligence (right hand)
 H - an uncursed ring of protection from magic {unknown}
Wands
 q - a wand of acid (2/15)
 u - a wand of polymorph (3/24)
 B - a wand of iceblast (9/15)
 J - a wand of teleportation (3/9)
Scrolls
 e - a scroll of remove curse
 n - 5 scrolls of identify
 o - a scroll of magic mapping
 r - 4 scrolls of teleportation
 s - 2 scrolls of fog
 y - 2 scrolls of amnesia
 z - a scroll of brand weapon {unknown}
 A - a scroll of enchant armour
 C - a scroll of enchant weapon
 E - a scroll of silence {unknown}
 G - a scroll of recharging {unknown}
Potions
 p - a potion of brilliance
 w - a potion of haste
 F - a potion of flight
Books
 c - a book of Maledictions

   Spells                             Type                      Level
   a - Corona                         Hexes                        1
   b - Ensorcelled Hibernation        Hexes/Ice                    2
   c - Confuse                        Hexes                        3
   d - Tukima's Dance                 Hexes                        3
   e - Dazzling Spray                 Conjuration/Hexes            3
 k - a book of Misfortune

   Spells                             Type                      Level
   a - Confusing Touch                Hexes                        1
   b - Confuse                        Hexes                        3
   c - Gell's Gravitas                Hexes/Translocation          3
   d - Petrify                        Transmutation/Earth          4
   e - Metabolic Englaciation         Hexes/Ice                    5
   f - Yara's Violent Unravelling     Hexes/Transmutation          5
Comestibles
 d - 6 bread rations
 f - a slice of pizza
 h - 2 fruits
 m - 3 meat rations


   Skills:
 + Level 3.9 Fighting
 + Level 4.4 Short Blades
 + Level 3.4 Armour
 + Level 4.6 Dodging
 + Level 6.5 Stealth
 + Level 6.7 Spellcasting
 * Level 9.4 Hexes
 + Level 2.5 Translocations
 - Level 3.3 Ice Magic


You had 14 spell levels left.
You knew the following spells:

 Your Spells              Type           Power        Failure   Level  Hunger
a - Ensorcelled Hibernat  Hex/Ice        #####.       1%          2    None
b - Confuse               Hex            ######..     1%          3    None
c - Gell's Gravitas       Hex/Tloc       #####.....   1%          3    None


Dungeon Overview and Level Annotations

Branches:
Dungeon (10/15)            Temple (1/1) D:5            Lair (0/6) D:9
    Orc (1/2) D:9

Altars:
Dithmenos
Elyvilon
Fedhas
Hepliaklqana
Kikubaaqudgha
Makhleb
Nemelex Xobeh
Qazlal
Sif Muna
Trog
Uskayaw
Xom
Yredelemnul
Zin
The Shining One

Shops:
D:4 =   D:9 ?*

Annotations:
Orc:1 spanner's ghost, journeyman SpVM


Innate Abilities, Weirdness & Mutations

You regenerate health from kills.
You sometimes gain a little power by taking damage.
Your movements are less encumbered by armour. (ER -4)
You have sharp toenails.
You are clumsy. (Dex -2)
Your flesh is cold resistant. (rC+)
You are dopey. (Int -2)
Your magical capacity is low. (-10% MP)
You passively map a small area around you.


Message History

You feel very sick.
* * * LOW HITPOINT WARNING * * *
You are more poisoned.
Spanner's ghost closely misses you.
Casting: Confuse
Confirm with . or Enter, or press ? or * to list all spells.
Aiming: Confuse
Press: ? - help, Shift-Dir - straight line, f/p - spanner's ghost
Aim: spanner's ghost, wielding a weapon of protection (radiating toxic energy, umbra, chance to defeat MR: 22%) Spanner's ghost appears confused.
* * * LOW HITPOINT WARNING * * *
You feel very sick.
* * * LOW HITPOINT WARNING * * *
You are more poisoned.
* * * LOW HITPOINT WARNING * * *
You feel very sick.
* * * LOW HITPOINT WARNING * * *
You are more poisoned.
Spanner's ghost's toxic aura wanes.
You die...

...#......., ,
........$..$.
....#........ *#####.
* *
............###.#.#..
,
.....................
.........^....$......
..........[....#..#,
.#......W><......##*
..........@...$...# *
#.....)#......#.##
##.....#.....#$..#
#.....#.$....##.##
#...#.#...#....###
##.*####.##$.$## #
##....#.# * .$.....#
* ..#..#.##


You could see spanner's ghost (confused).

Vanquished Creatures
  An orc knight (D:9)
  Joseph (D:7)
  2 trolls (D:9)
  Grinder (D:5)
  Sigmund (D:4)
  Eustachio (D:5)
  2 hell hounds (D:9)
  A water moccasin (D:6)
  3 orc warriors (D:9)
  2 sky beasts
  A black bear (D:6)
  4 ice beasts
  10 ogres
  A phantom (D:5)
  A necrophage (D:9)
  A centaur (D:6)
  Blork the orc (D:5)
  5 big kobolds
  3 bullfrogs
  5 gnoll sergeants
  2 scorpions
  5 killer bees (D:7)
  An electric eel (D:6)
  A centaur zombie (D:6)
  4 crimson imps
  3 jellies
  A hound (D:5)
  A bullfrog zombie (D:6)
  Crazy Yiuf (D:7)
  4 orc priests
  10 orc wizards
  3 iguanas
  A gnoll shaman (D:5)
  4 worker ants
  A hound skeleton (D:7)
  A worker ant zombie (D:5)
  Robin (D:3)
  12 gnolls
  6 adders
  3 shadow imps
  An ooze (D:2)
  An adder skeleton (D:8)
  3 worms
  A dart slug (D:1)
  8 leopard geckos
  30 orcs
  3 bats (D:2)
  5 giant cockroaches
  17 goblins
  6 hobgoblins
  7 jackals
  4 quokkas
  3 ball pythons
  7 frilled lizards
  A giant cockroach zombie (D:6)
  15 kobolds
  A leopard gecko skeleton (D:4)
  3 rats
228 creatures vanquished.

Notes
Turn   | Place    | Note
-------+----------+-------------------------------------------
     0 | D:1      | Malachi the Demonspawn Enchanter began the quest for the Orb.
     0 | D:1      | Reached XP level 1. HP: 13/13 MP: 3/3
   375 | D:1      | Reached skill level 1 in Short Blades
   443 | D:1      | Gained mutation: Your movements are slightly less encumbered by armour. (ER -2) [demonic ancestry]
   443 | D:1      | Reached XP level 2. HP: 11/19 MP: 5/5
   957 | D:2      | Learned a level 2 spell: Ensorcelled Hibernation
  1125 | D:2      | Found a glowing golden altar of the Shining One.
  1668 | D:2      | Gained mutation: You sometimes gain a little power by taking damage. [demonic ancestry]
  1668 | D:2      | Reached XP level 3. HP: 14/24 MP: 6/6
  2285 | D:2      | Reached skill level 1 in Ice Magic
  2843 | D:2      | Reached XP level 4. HP: 31/31 MP: 8/8
  2935 | D:3      | Noticed Robin
  3439 | D:3      | Found a hazy altar of Hepliaklqana.
  4087 | D:3      | Gained mutation: You regenerate a little health from kills. [demonic ancestry]
  4087 | D:3      | Reached XP level 5. HP: 32/36 MP: 9/9
  4154 | D:3      | Killed Robin
  4396 | D:4      | Noticed Sigmund
  4687 | D:4      | Found Lacowkaj's Jewellery Boutique.
  4814 | D:4      | Killed Sigmund
  4814 | D:4      | Reached skill level 1 in Fighting
  4814 | D:4      | Reached XP level 6. HP: 21/43 MP: 11/11
  5007 | D:4      | Found a stormy altar of Qazlal.
  5381 | D:4      | Found a blossoming altar of Fedhas.
  5615 | D:5      | Entered Level 5 of the Dungeon
  5620 | D:5      | Learned a level 3 spell: Confuse
  5624 | D:5      | Learned a level 3 spell: Gell's Gravitas
  5633 | D:5      | Noticed Blork the orc
  5706 | D:5      | Found a staircase to the Ecumenical Temple.
  5712 | D:5      | Killed Blork the orc
  5712 | D:5      | Reached skill level 1 in Armour
  5861 | Temple   | Entered the Ecumenical Temple
  5878 | Temple   | Became a worshipper of Dithmenos the Shadowed
  5929 | D:5      | Found a sparkling altar of Nemelex Xobeh.
  5950 | D:5      | Reached XP level 7. HP: 49/49 MP: 8/12
  6071 | D:5      | Reached skill level 4 in Hexes
  6478 | D:5      | Noticed Eustachio
  6494 | D:5      | Killed Eustachio
  6494 | D:5      | Reached skill level 5 in Hexes
  6607 | D:5      | Gained mutation: You regenerate health from kills. [demonic ancestry]
  6607 | D:5      | Reached XP level 8. HP: 39/56 MP: 14/14
  6888 | D:5      | Found a sparkling altar of Nemelex Xobeh.
  6888 | D:5      | Found a shimmering altar of Xom.
  7177 | D:5      | Noticed Grinder
  7192 | D:5      | Killed Grinder
  7192 | D:5      | Reached skill level 1 in Translocations
  7789 | D:6      | Reached skill level 6 in Hexes
  7963 | D:6      | Gained mutation: Your flesh is cold resistant. (rC+) [potion of mutation]
  7963 | D:6      | Gained mutation: You have sharp toenails. [potion of mutation]
  7963 | D:6      | Gained mutation: Your body sometimes deteriorates upon taking damage. [potion of mutation]
  8186 | D:6      | Gained mutation: You passively map a small area around you. [potion of mutation]
  8186 | D:6      | Lost mutation: Your body sometimes deteriorates upon taking damage. [potion of mutation]
  8186 | D:6      | Gained mutation: Your magical capacity is low. (-10% MP) [potion of mutation]
  8338 | D:6      | Reached skill level 5 in Spellcasting
  9049 | D:6      | Reached * piety under Dithmenos
  9236 | D:6      | Reached XP level 9. HP: 41/62 MP: 5/15
  9241 | D:6      | Reached skill level 7 in Hexes
  9406 | D:7      | Gained mutation: You are dopey. (Int -2) [potion of mutation]
  9406 | D:7      | Gained mutation: You are clumsy. (Dex -2) [potion of mutation]
  9824 | D:7      | Noticed Joseph
  9846 | D:7      | Killed Joseph
 10114 | D:7      | Reached skill level 5 in Stealth
 10146 | D:7      | Reached ** piety under Dithmenos
 10251 | D:7      | Found a glowing silver altar of Zin.
 10414 | D:7      | Found a runed door.
 10549 | D:7      | Noticed Crazy Yiuf
 10552 | D:7      | Killed Crazy Yiuf
 10987 | D:8      | Reached skill level 8 in Hexes
 11008 | D:8      | Found a blossoming altar of Fedhas.
 11009 | D:8      | Found an ancient bone altar of Kikubaaqudgha.
 11342 | D:9      | Found a staircase to the Orcish Mines.
 11342 | D:9      | Noticed a troll
 11347 | D:9      | Gained mutation: Your movements are less encumbered by armour. (ER -4) [demonic ancestry]
 11347 | D:9      | Reached XP level 10. HP: 70/70 MP: 10/17
 11542 | D:9      | Found Numanie's General Store.
 11839 | D:9      | Found a staircase to the Lair.
 11898 | D:9      | Found Ireigu Bypyd's Magic Scroll Emporium.
 11911 | D:9      | Reached *** piety under Dithmenos
 11911 | D:9      | Reached skill level 9 in Hexes
 12945 | Orc:1    | Entered Level 1 of the Orcish Mines
 12945 | Orc:1    | Noticed spanner's ghost (journeyman SpVM)
 12947 | Orc:1    | Noticed an orc knight
 13177 | D:10     | Entered Level 10 of the Dungeon
 13454 | D:9      | Killed an orc knight
 14230 | Orc:1    | HP: 3/71 [poisoned by spanner's ghost (toxic radiance)]
 14230 | Orc:1    | HP: 1/71 [spanner's ghost/Olgreb's Toxic Radiance (2)]
 14231 | Orc:1    | Succumbed to spanner's ghost's toxic radiance

Skill      XL: |  1  2  3  4  5  6  7  8  9 10 |
---------------+-------------------------------+-----
Short Blades   | 1 2 3 4 |  4.4
Stealth        | 3 4 5 6 |  6.5
Dodging        | 2 3 4 |  4.6
Ice Magic      | 1 2 3 |  3.3
Spellcasting   | 3 4 5 6 |  6.7
Fighting       | 1 2 3 |  3.9
Armour         | 1 2 3 |  3.4
Hexes          | 5 6 8 9 |  9.4
Translocations | 1 2 |  2.5

Action                   |  1- 3 |  4- 6 |  7- 9 | 10-12 || total
-------------------------+-------+-------+-------+-------++-------
Melee: Dagger            |   166 |   149 |   385 |   199 ||   899
       Kick              |       |       |    56 |    40 ||    96
 Cast: Corona            |    32 |    12 |       |       ||    44
       Ensorcelled Hiber |     2 |    14 |    37 |    18 ||    71
       Confuse           |       |     4 |    25 |     9 ||    38
       Gell's Gravitas   |       |       |    31 |     4 ||    35
Evoke: Wand              |       |       |     1 |       ||     1
  Use: Potion            |     1 |     3 |     8 |     1 ||    13
       Scroll            |       |     9 |     1 |     2 ||    12
 Stab: Sleeping          |     2 |     6 |    20 |    11 ||    39
       Confused          |       |     2 |    15 |     2 ||    19
       Distracted        |       |       |     1 |       ||     1
  Eat: Chunk             |     6 |    10 |    18 |     6 ||    40
       Fruit             |       |     1 |       |     4 ||     5
       Pizza             |       |       |     1 |       ||     1
Armor: Robe              |    34 |    23 |       |       ||    57
       Leather armour    |       |     5 |    66 |    43 ||   114
       Skin              |       |     1 |       |       ||     1
Dodge: Dodged            |   107 |   121 |   289 |   122 ||   639
